 Dungeon Crawl Stone Soup version 0.21.1-1-g345015f (webtiles) character file.

2448 Inarius the Frost Mage (level 9, 0/54 HPs)
             Began as an Octopode Ice Elementalist on July 4, 2018.
             Was an Initiate of Vehumet.
             Slain by a sky beast (6 damage)
             ... on level 6 of the Dungeon.
             The game lasted 00:16:27 (7276 turns).

Inarius the Frost Mage (Octopode Ice Elementalist)  Turns: 7276, Time: 00:16:28

Health: 0/54       AC:  9    Str:  7    XL:     9   Next: 49%
Magic:  11/18      EV: 15    Int: 29    God:    Vehumet [......]
Gold:   365        SH:  5    Dex: 19    Spells: 8/20 levels left

rFire    + + .     SeeInvis .   q - +8 dagger of Pushya {pierce, +Fly rC+ Int+3}
rCold    . . .     Gourm    .   g - +0 buckler
rNeg     + . .     Faith    .   (helmet restricted)
rPois    .         Spirit   .   d - amulet of rage
rElec    .         Reflect  .   c - ring of stealth
rCorr    .         Harm     .   f - ring of protection from fire
MR       .....                  r - +3 ring of intelligence
Stlth    +++++.....             s - ring "Bieb" {Fire rN+ Int+3 Dex+6}
HPRegen  0.18/turn              (no ring)
MPRegen  0.16/turn              (no ring)
                                (no ring)
                                (no ring)

@: icy armour, slow
A: almost no armour, stealthy swim, amphibious, 8 rings, constrict 8, camouflage
1, gelatinous body 1
a: Renounce Religion, Evoke Berserk Rage, Evoke Flight


You were on level 6 of the Dungeon.
You worshipped Vehumet.
Vehumet was noncommittal.
You were very hungry.

You visited 2 branches of the dungeon, and saw 7 of its levels.

You collected 365 gold pieces.

Inventory:

Hand Weapons
 q - the +8 dagger of Pushya (weapon) {pierce, +Fly rC+ Int+3}
   (You found it on level 5 of the Dungeon)

   It inflicts extra damage upon your enemies.
   It affects your intelligence (+3).
   It protects you from cold.
   It lets you fly.
Armour
 g - a +0 buckler (worn)
Jewellery
 c - a ring of stealth (left tentacle)
 d - an amulet of rage (around mantle)
 f - a ring of protection from fire (right tentacle)
 r - a +3 ring of intelligence (on tentacle)
 s - the ring "Bieb" (on tentacle) {Fire rN+ Int+3 Dex+6}
   (You found it on level 5 of the Dungeon)

   [ring of fire]

   It enhances your fire magic.
   It affects your intelligence (+3).
   It affects your dexterity (+6).
   It protects you from fire.
   It makes you vulnerable to cold.
   It protects you from negative energy.
Wands
 u - a wand of iceblast (2)
 v - a wand of disintegration (12)
Scrolls
 h - a scroll of brand weapon {unknown}
 i - a scroll of fog {unknown}
 j - a scroll of summoning {unknown}
 k - 4 scrolls of teleportation
 m - 3 scrolls of remove curse
 p - 2 scrolls of random uselessness {unknown}
Potions
 e - a potion of agility {unknown}
 l - 2 potions of magic
 n - a potion of haste {unknown}
 o - a potion of might {unknown}
Books
 a - a book of Frost

   Spells                             Type                      Level
   a - Freeze                         Ice                          1
   b - Throw Frost                    Conjuration/Ice              2
   c - Ozocubu's Armour               Charms/Ice                   3
   d - Throw Icicle                   Conjuration/Ice              4
   e - Summon Ice Beast               Ice/Summoning                4
Comestibles
 b - 11 rations


   Skills:
 + Level 1.9 Fighting
 + Level 3.7 Dodging
 - Level 3.3 Stealth
 + Level 1.5 Shields
 - Level 6.0 Spellcasting
 + Level 2.2 Conjurations
 + Level 2.0 Charms
 + Level 0.8 Summonings
 * Level 9.7 Ice Magic


You had 8 spell levels left.
You knew the following spells:

 Your Spells              Type           Power        Failure   Level  Hunger
a - Freeze                Ice            ####         1%          1    None
b - Ozocubu's Armour      Chrm/Ice       #####...     1%          3    None
c - Throw Icicle          Conj/Ice       #####...     7%          4    ###....
d - Summon Ice Beast      Ice/Summ       #####...     9%          4    ###....


Dungeon Overview and Level Annotations

Branches:
Dungeon (6/15)             Temple (1/1) D:6

Altars:
Ashenzari
Cheibriados
Elyvilon
Gozag
Hepliaklqana
Nemelex Xobeh
Okawaru
Ru
Vehumet
Wu Jian
Xom


Innate Abilities, Weirdness & Mutations

You cannot wear most types of armour.
You are very stealthy in the water. (Stealth+)
You are amphibious.
You can wear up to eight rings at the same time.
You can use your tentacles to constrict eight enemies at once.
Your skin changes colour to match your surroundings (Stealth+).
Your rubbery body absorbs attacks. (AC +1, EV +1)


Message History

Something hits you but does no damage.
Casting: Freeze
Confirm with . or Enter, or press ? or * to list all spells.
A film of ice covers your body! Something hits you but does no damage.
Something hits you.
* * * LOW HITPOINT WARNING * * *
Something shocks you.
* * * LOW HITPOINT WARNING * * *
Evoke which item? (* to show all) (? for menu, Esc to quit)
Aiming: Iceblast
Press: ? - help, Shift-Dir - straight line, f - you
Okay, then.
Unknown command.
Evoke which item? (* to show all) (? for menu, Esc to quit)
Aiming: Disintegrate
Press: ? - help, Shift-Dir - straight line Nothing appears to happen.
Something hits you.
* * * LOW HITPOINT WARNING * * *
Something shocks you.
You die...

....####.#
###.####.#
.........#########
.##..............#
.###############.#
.# #.# .# #.# .#
#.# .# #@# .# #.#
.# #.# .# #...# [#
#.$.# .# ...... .#
#...... .#
#....... .#
###...##


There were no monsters in sight!

Vanquished Creatures
  Prince Ribbit (D:6)
  2 slime creatures (D:5)
  Grinder (D:6)
  The ghost of n0claF the Conjurer, an amateur DrCj (D:4)
  Eustachio (D:4)
  A sky beast (D:6)
  A black bear (D:6)
  An ogre (D:4)
  2 centaurs
  3 big kobolds (D:5)
  Blork the orc (D:5)
  A bullfrog (D:5)
  2 scorpions
  3 crimson imps (D:5)
  6 jellies
  2 orc wizards (D:4)
  4 worker ants
  A hound zombie (D:5)
  8 adders
  A howler monkey skeleton (D:4)
  2 shadow imps (D:5)
  4 oozes
  A worm (D:2)
  2 dart slugs (D:1)
  A leopard gecko (D:4)
  5 orcs
  3 bats
  5 goblins (D:1)
  4 hobgoblins
  2 jackals (D:2)
  A quokka (D:2)
  A ball python (D:4)
  4 frilled lizards
  11 kobolds
  A quokka zombie (D:5)
  A rat (D:2)
91 creatures vanquished.

Vanquished Creatures (others)
  11 toadstools (D:5)
11 creatures vanquished.

Grand Total: 102 creatures vanquished

Notes
Turn   | Place    | Note
-------+----------+-------------------------------------------
     0 | D:1      | Inarius the Octopode Ice Elementalist began the quest for the Orb.
     0 | D:1      | Reached XP level 1. HP: 11/11 MP: 3/3
   373 | D:1      | Reached XP level 2. HP: 17/17 MP: 5/5
  1047 | D:1      | Reached XP level 3. HP: 21/21 MP: 2/6
  1052 | D:1      | Learned a level 3 spell: Ozocubu's Armour
  1353 | D:2      | Reached skill level 4 in Ice Magic
  1702 | D:2      | Reached XP level 4. HP: 26/27 MP: 0/7
  2636 | D:3      | Found a shattered altar of Ashenzari.
  2891 | D:4      | Reached XP level 5. HP: 20/32 MP: 3/9
  3080 | D:4      | Noticed n0claF's ghost (amateur DrCj)
  3146 | D:4      | Noticed Eustachio
  3270 | D:5      | Entered Level 5 of the Dungeon
  3395 | D:5      | Reached skill level 5 in Ice Magic
  3395 | D:5      | Reached XP level 6. HP: 30/37 MP: 0/11
  3709 | D:5      | Reached skill level 1 in Fighting
  3715 | D:5      | Learned a level 4 spell: Throw Icicle
  3754 | D:5      | Reached XP level 7. HP: 26/43 MP: 7/13
  3759 | D:5      | Reached skill level 6 in Ice Magic
  3929 | D:5      | Got a bloodstained dagger
  3930 | D:5      | Identified the +8 dagger of Pushya {pierce, +Fly rC+ Int+3} (You found it on level 5 of the Dungeon)
  4202 | D:5      | Got a crude jade ring
  4338 | D:5      | Identified the ring "Bieb" {Fire rN+ Int+3 Dex+6} (You found it on level 5 of the Dungeon)
  4552 | D:5      | Noticed Blork the orc
  4590 | D:5      | Killed Blork the orc
  4719 | D:5      | Reached XP level 8. HP: 44/48 MP: 6/15
  4905 | D:5      | Reached skill level 7 in Ice Magic
  5014 | D:5      | Noticed a slime creature
  5014 | D:5      | Noticed a slime creature
  5026 | D:5      | Killed a slime creature
  5026 | D:5      | Reached skill level 5 in Spellcasting
  5026 | D:5      | Reached skill level 1 in Charms
  5201 | D:5      | Killed a slime creature
  5201 | D:5      | Reached skill level 8 in Ice Magic
  5434 | D:4      | Learned a level 4 spell: Summon Ice Beast
  5455 | D:4      | Killed n0claF's ghost
  6115 | D:4      | Killed Eustachio
  6115 | D:4      | Reached XP level 9. HP: 49/54 MP: 14/17
  6263 | D:6      | Reached skill level 1 in Shields
  6418 | D:6      | Noticed Prince Ribbit
  6424 | D:6      | Killed Prince Ribbit
  6424 | D:6      | Reached skill level 9 in Ice Magic
  6764 | D:6      | Noticed Grinder
  7010 | D:6      | Killed Grinder
  7037 | D:6      | Found a staircase to the Ecumenical Temple.
  7115 | Temple   | Entered the Ecumenical Temple
  7122 | Temple   | Became a worshipper of Vehumet
  7276 | D:6      | Slain by a sky beast

Skill      XL: |  1  2  3  4  5  6  7  8  9 |
---------------+----------------------------+-----
Ice Magic      | 4 5 6 8 9 |  9.7
Stealth        | 3 |  3.3
Spellcasting   | 3 4 5 6 |  6.0
Fighting       | 1 |  1.9
Dodging        | 3 |  3.7
Charms         | 1 2 |  2.0
Shields        | 1 |  1.5
Conjurations   | 2 |  2.2
Summonings     | |  0.8

Action                   |  1- 3 |  4- 6 |  7- 9 || total
-------------------------+-------+-------+-------++-------
Melee: Dagger            |    39 |    55 |    69 ||   163
       Unarmed           |     6 |       |       ||     6
       Constrict         |    14 |    10 |     9 ||    33
       Tentacles         |     3 |     8 |    10 ||    21
 Cast: Freeze            |    21 |    27 |    41 ||    89
       Ozocubu's Armour  |     2 |     4 |    14 ||    20
       Throw Icicle      |       |       |    23 ||    23
       Summon Ice Beast  |       |       |     1 ||     1
Evoke: Wand              |       |       |     3 ||     3
  Use: Scroll            |     5 |     1 |     2 ||     8
       Potion            |       |     1 |       ||     1
 Stab: Sleeping          |     9 |     3 |     4 ||    16
       Distracted        |       |       |     1 ||     1
  Eat: Chunk             |     3 |     4 |     8 ||    15
       Ration            |       |     1 |     1 ||     2
Armor: Skin              |     5 |     5 |    12 ||    22
Dodge: Dodged            |    41 |    36 |    43 ||   120
Block: Buckler           |       |     9 |    14 ||    23
